 Dungeon Crawl Stone Soup version 0.30-a0-4-ga7cffc901d (webtiles) character file.

Game seed: 257715781120008170

18 bearlyready the Ducker (level 2, 0/16 HPs)
             Began as a Spriggan Monk on Aug 21, 2022.
             Slain by a quokka (3 damage)
             ... on level 1 of the Dungeon.
             The game lasted 00:02:50 (932 turns).

bearlyready the Ducker (Spriggan Monk)               Turns: 932, Time: 00:02:50

Health: 0/16       AC:  2    Str:  7    XL:     2   Next: 48%
Magic:  3/3        EV: 18    Int: 11    God:
Gold:   0          SH:  0    Dex: 17    Spells: 1/1 levels left

rFire   . . .      SeeInvis +    a - +0 short sword
rCold   . . .      Faith    .    (no shield)
rNeg    . . .      Spirit   .    b - +0 robe
rPois   .          Reflect  .    (helmet restricted)
rElec   .          Harm     .    (no cloak)
rCorr   .          Rampage  .    (gloves unavailable)
Will    .....                    (boots unavailable)
Stlth   +++.......               (no amulet)
HPRegen 0.05/turn                (no ring)
MPRegen 0.08/turn                (no ring)

@: very quick
A: very small, no large weapons, unfitting armour, see invisible, speed 3
a: no special abilities


You were on level 1 of the Dungeon.
You visited 1 branch of the dungeon, and saw 1 of its levels.

Inventory:

Hand Weapons
 a - a +0 short sword (weapon)
Missiles
 f - 6 stones (quivered)
Armour
 b - a +0 robe (worn)
Scrolls
 d - a scroll of poison {unknown}
 g - a scroll of identify {unknown}
 j - a scroll of brand weapon {unknown}
Potions
 c - a potion of ambrosia
 e - a potion of mutation {unknown}
 h - a potion of curing {unknown}
 i - a potion of lignification {unknown}


   Skills:
 - Level 2.4 Fighting
 + Level 3.8 Short Blades
 + Level 4.0 Dodging
 + Level 4.0 Stealth


You had one spell level left.
You didn't know any spells.
Your spell library contained the following spells:

 Spells                   Type           Power      Damage    Failure   Level
 Beastly Appendage        Tmut           0%         N/A       34%         1
 Wereblood                Tmut           0%         N/A       47%         2
 Spider Form              Tmut/Pois      0%         N/A       71%         3


Dungeon Overview and Level Annotations

Branches:
Dungeon (1/15)

Altars:


Innate Abilities, Weirdness & Mutations

You are very small and have problems with some larger weapons.
You are too small for most types of armour.
You have supernaturally acute eyesight. (SInv)
You cover ground extremely quickly. (Speed+++)


Message History

You are too injured to fight recklessly!
You are too injured to fight recklessly!
You hit the dart slug.
The dart slug is heavily wounded.
The quokka completely misses you. The dart slug misses you.
You hit the dart slug.
The dart slug is severely wounded.
The quokka closely misses you. The dart slug launches a dart at you.
The slug dart misses you.
You hit the dart slug.
The dart slug is almost dead.
The quokka completely misses you.
You hit the dart slug but do no damage.
The dart slug is almost dead.
The quokka bites you but does no damage.
The dart slug completely misses you. The quokka barely misses you.
You hit the dart slug.
You kill the dart slug!
The quokka misses you.
You see here a dart slug corpse.
You closely miss the quokka. The quokka barely misses you.
The quokka misses you.
You completely miss the quokka. The quokka closely misses you.
You miss the quokka. The quokka misses you.
You closely miss the quokka. The quokka closely misses you.
You barely miss the quokka. The quokka closely misses you.
You hit the quokka but do no damage. The quokka bites you.
You hit the quokka but do no damage. The quokka bites you.
You hit the quokka.
The quokka is almost dead.
The quokka bites you.
* * * LOW HITPOINT WARNING * * *
You miss the quokka.
The quokka is almost dead.
The quokka misses you.
You hit the quokka but do no damage.
The quokka is almost dead.
The quokka bites you.
You die...

##.###........#
#...## ##
.......######.#
##...# ##.#####
#.# ##...##
.#.# .###...##
.#.# #...##
.#.# ##...#
.#.# #...##
.#.# #...# .#.#
#r@.# ##.#
#..## ...# #.##
#### .. # ### #


You could see a quokka.

Vanquished Creatures
  3 dart slugs (D:1)
  A ball python (D:1)
  2 giant cockroaches (D:1)
  2 hobgoblins (D:1)
  A quokka (D:1)
  A bat (D:1)
  A rat (D:1)
11 creatures vanquished.

Notes
Turn   | Place    | Note
-------+----------+-------------------------------------------
     0 | D:1      | bearlyready the Spriggan Monk began the quest for the Orb.
     0 | D:1      | Reached XP level 1. HP: 11/11 MP: 2/2
   604 | D:1      | Reached XP level 2. HP: 16/16 MP: 3/3
   932 | D:1      | Slain by a quokka

Illustrated notes

Levels and vault maps discovered:
D:1:      minmay_arrival_radiant_lines, layout_basic,
          chequers_ecumenical_altar_simple_redux, serial_curves, eino_curves_01,
          eino_curves_02, eino_curves_03, hangedman_abyss_or_decor_lesser_grid,
          minivault_11, kennysheep_pointless_box

Skill      XL: |  1  2 |
---------------+-------+-----
Stealth        | 4 |  4.0
Fighting       | |  2.4
Short Blades   | |  3.8
Dodging        | |  4.0

Action                   || total
-------------------------++-------
Melee: Short sword       ||    70
       Punch             ||     1
 Stab: Sleeping          ||     1
Armor: Robe              ||     5
Dodge: Dodged            ||    55

Table legend: (Time is in decaauts)
 A = Elapsed time spent in this place.
 B = Non-inter-level travel time spent in this place.
 C = Inter-level travel time spent in this place.
 D = Time resting spent in this place.
 E = Time spent auto-exploring this place.
 F = Levels seen in this place.
 G = Mean time per level.
                   A        B        C        D        E       F      G
               +--------+--------+--------+--------+--------+-----+--------+
         Total |    809 |    809 |      0 |    241 |    366 |   1 |  809.0 |
       Dungeon |    809 |    809 |      0 |    241 |    366 |   1 |  809.0 |
               +--------+--------+--------+--------+--------+-----+--------+

Top non-repeatable levels by time:
     D:1: 809 daAuts
